Map: Berlingrad LE

Players

A.I. 1 (Easy)

  • Race: Terran Terran
  • Spawn Location: 11:00

FloganZ - Winner!

  • Race: Zerg Zerg
  • Spawn Location: 5:00

VOD

Have the link to the VOD?

Description

Time

  • Played on: June 4, 2022, 3:02 p.m.
  • Length: 12:55
Show
View Real Time Build Order
Export as new Build Order

A.I. 1 (Easy) Terran 

Build Orders:  

Get SALT Encoding   

  12  0:00  SCV  
  13  0:13  SCV  
  14  0:18  Supply Depot  
  14  0:25  SCV  
  15  0:39  SCV  
  16  0:43  Barracks  
  16  0:44  Refinery  
  16  1:09  Supply Depot  
  16  1:19  Refinery  
  16  1:30  Orbital Command, Marine  
  17  1:48  Barracks Tech Lab  
  17  2:06  Marine  
  18  2:11  Supply Depot  
  18  2:13  SCV  
  19  2:25  SCV  
  20  2:32  Marauder  
  23  2:37  SCV  
  23  2:49  SCV  
  24  2:58  Marine  
  25  3:01  SCV  
  26  3:13  SCV  
  27  3:23  Marine  
  28  3:50  Marauder  
  30  4:15  Marauder  
  32  4:32  SCV  
  32  7:06  Marine, SCV  
  34  7:09  Supply Depot  
  34  7:10  Factory  
  34  7:13  Command Center  
  34  7:24  Marine  
  35  7:33  Supply Depot  
  35  7:41  Marine  
  30  7:56  Starport  
  28  7:59  Marine  
  27  8:18  Marauder  
  29  8:25  SCV  
  30  8:29  SCV  
  31  8:34  Starport Tech Lab, Refinery  
  31  8:37  Refinery, SCV  
  31  8:39  Marauder  
  34  8:41  SCV  
  35  8:49  SCV  
  35  8:52  Raven  
  35  8:53  SCV  
  39  9:00  Marauder  
  39  9:01  SCV  
  42  9:05  SCV  
  43  9:13  SCV  
  44  9:17  SCV  
  44  9:21  Marine  
  46  9:25  SCV  
  46  9:30  SCV  
  48  9:35  Raven  
  48  9:37  SCV  
  51  9:39  Marine  
  51  9:42  SCV  
  53  9:49  SCV  
  54  9:54  SCV  
  54  9:57  Marine  
  56  10:02  SCV  
  56  10:06  SCV  
  58  10:14  SCV  
  58  10:15  Marine  
  58  10:18  SCV  
  60  10:26  SCV  
  61  10:30  SCV  
  59  12:00  Medivac, Widow Mine  
  63  12:02  Engineering Bay  
  63  12:04  Supply Depot  
  52  12:10  Marauder  
  50  12:18  SCV  
  50  12:22  Widow Mine  
  28  12:30  Marine, SCV  
Show
View Real Time Build Order
Export as new Build Order

FloganZ Zerg - Winner!

Build Orders: Hatch First 

Get SALT Encoding   

  12  0:01  Drone  
  13  0:12  Overlord  
  13  0:17  Drone  
  14  0:30  Drone x2  
  16  0:48  Hatchery  
  15  0:51  Drone  
  15  0:56  Drone  
  17  0:58  Drone  
  18  1:10  Extractor  
  17  1:14  Spawning Pool  
  17  1:16  Drone  
  17  1:26  Drone  
  17  1:28  Drone  
  19  1:47  Overlord  
  19  1:49  Drone  
  20  2:01  Queen x2  
  20  2:04  Zergling x4  
  26  2:18  Drone x2  
  26  2:22  Metabolic Boost  
  28  2:25  Drone x2  
  30  2:36  Drone x2  
  32  2:48  Queen  
  34  3:02  Overlord  
  34  3:08  Drone x2  
  36  3:24  Overlord  
  36  3:28  Drone x2  
  36  3:29  Drone x3  
  36  3:30  Drone  
  36  3:32  Hatchery  
  41  3:47  Drone x3  
  41  3:48  Drone  
  45  4:03  Lair  
  45  4:05  Overlord x2  
  45  4:27  Drone x4  
  45  4:28  Drone  
  50  4:31  Drone  
  51  4:40  Drone x2  
  53  4:45  Drone  
  53  5:05  Baneling Nest  
  53  5:07  Drone x2  
  55  5:14  Extractor, Drone x4  
  55  5:21  Extractor, Drone x3  
  59  5:22  Drone  
  59  5:26  Evolution Chamber  
  59  5:29  Evolution Chamber  
  59  5:33  Drone x4  
  62  5:39  Queen  
  64  5:53  Drone  
  64  5:55  Overlord x3  
  65  6:19  Centrifugal Hooks  
  65  6:22  Zerg Melee Weapons Level 1, Zerg Ground Armor Level 1  
  65  6:24  Zergling x10  
  65  6:25  Overlord x2, Zergling x2  
  71  6:29  Extractor  
  71  6:30  Drone x3  
  73  6:42  Overseer  
  73  6:47  Drone x2  
  73  6:48  Drone  
  73  6:49  Drone  
  73  6:51  Drone  
  78  7:11  Extractor  
  78  7:13  Drone x3  
  78  7:14  Drone x3  
  78  7:15  Extractor  
  82  7:20  Hatchery, Drone  
  82  7:21  Drone  
  83  7:26  Zergling x8  
  83  7:27  Zergling x2  
  88  7:32  Baneling x3  
  88  7:33  Baneling  
  88  7:34  Zergling x2  
  88  7:35  Zergling x12  
  88  7:36  Zergling x2  
  90  8:06  Hatchery  
  90  8:08  Infestation Pit  
  88  8:26  Extractor  
  87  8:27  Drone x3  
  87  8:29  Drone  
  91  8:56  Zerg Melee Weapons Level 2, Zerg Ground Armor Level 2  
  91  8:58  Zergling x2  
  91  8:59  Zergling x14  
  91  9:00  Zergling x20  
  109  9:12  Overlord x3  
  109  9:13  Overlord  
  109  9:19  Extractor  
  109  9:23  Hive  
  108  10:07  Hatchery  
  107  10:28  Baneling x5  
  107  10:29  Baneling x4  
  107  10:30  Baneling  
  107  11:14  Zergling x2  
  107  11:15  Zergling x20  
  107  11:16  Zergling x24  
  130  11:29  Drone  
  130  11:30  Drone  
  132  11:44  Drone x2  
  131  12:29  Ultralisk Cavern  
  130  12:31  Spire  
Tags
 
Matchup
TvZ
Spawn Locations
Cross Positions
Add a new tag
Caveats
  • Supply blocks, unpowered buildings, or Contaminate may cause inaccurate times.
  • Supply counts are checked every 10 seconds.